[Event "January 9 Early 2024"]
[Site "https://www.chess.com"]
[Date "2024.01.11"]
[Round "4"]
[White "Martinez, Shawn"]
[Black "Mena, Martin"]
[Result "1-0"]
[Board "115"]
[TimeControl "180+1"]
[WhiteFideId "2039770"]
[BlackFideId "10651225"]
[WhiteElo "2437"]
[BlackElo "2089"]
[WhiteTeam "USA"]
[BlackTeam "EGY"]
[WhiteClock "0:00:32"]
[BlackClock "0:00:01"]

1. e4 c6 2. Nc3 d5 3. Nf3 Bg4 4. Bd3 e5 5. h3 Bxf3 6. Qxf3 d4 7. Ne2 Nf6 8. c3 c5 9. b4 Nc6 10. bxc5 Bxc5 11. Rb1 Qc7 12. O-O O-O 13. Ng3 Ne7 14. Bb2 dxc3 15. Bxc3 Ng6 16. Rfc1 b6 17. Nf5 Rfd8 18. Bf1 Qd7 19. Bb5 Qc7 20. Kh2 a6 21. Bc4 Qd7 22. Nh6+ gxh6 23. Qxf6 b5 24. Bd5 Qe7 25. Qf5 Rab8 26. Ba5 1-0

[Event "January 9 Early 2024"]
[Site "https://www.chess.com"]
[Date "2024.01.11"]
[Round "4"]
[White "Garriga Cazorla, Pere"]
[Black "Berezin, Viktor"]
[Result "1-0"]
[Board "116"]
[TimeControl "180+1"]
[WhiteFideId "32011601"]
[BlackFideId "14107872"]
[WhiteElo "2711"]
[BlackElo "2496"]
[WhiteTeam "ESP"]
[BlackTeam "UKR"]
[WhiteClock "0:00:29"]
[BlackClock "0:00:25"]

1. d4 Nf6 2. c4 g6 3. Nc3 Bg7 4. e4 O-O 5. h3 d6 6. Be3 a6 7. Nf3 c6 8. Be2 Nbd7 9. O-O e5 10. Qc2 exd4 11. Nxd4 Re8 12. b4 a5 13. a3 Qc7 14. Rad1 Nf8 15. Rfe1 Ne6 16. Ndb5 cxb5 17. Nxb5 Qe7 18. Nxd6 Rd8 19. e5 Ne8 20. Bb6 Rd7 21. c5 Bxe5 22. Bb5 Nxd6 23. Bxd7 Bxd7 24. Rxe5 Nb5 25. a4 Nbd4 26. Rxd4 Nxd4 27. Rxe7 Nxc2 28. Rxd7 axb4 29. Rxb7 Nd4 30. Bc7 Rxa4 31. Rb8+ Kg7 32. Be5+ f6 33. Bxd4 b3 34. Be3 1-0

[Event "January 9 Early 2024"]
[Site "https://www.chess.com"]
[Date "2024.01.11"]
[Round "4"]
[White "Jeet, Jain"]
[Black "Kozak, Antoni"]
[Result "0-1"]
[Board "117"]
[TimeControl "180+1"]
[WhiteFideId "5073022"]
[BlackFideId "21832030"]
[WhiteElo "2544"]
[BlackElo "2759"]
[WhiteTeam "IND"]
[BlackTeam "POL"]
[WhiteClock "0:00:13"]
[BlackClock "0:01:08"]

1. Nf3 e6 2. d4 d5 3. Bf4 Bd6 4. Bxd6 cxd6 5. Nbd2 f5 6. c4 dxc4 7. Nxc4 Nf6 8. e3 O-O 9. Be2 Ne4 10. O-O b6 11. Nfd2 Bb7 12. Nxe4 fxe4 13. f4 Nc6 14. d5 Na5 15. dxe6 d5 16. Ne5 Qd6 17. Bg4 Nc6 18. Nxc6 Bxc6 19. f5 Bb5 20. Rf2 Bd3 21. Bh3 Qe5 22. Rc1 d4 23. Qd2 Rac8 24. Rxc8 Rxc8 25. e7 Rc2 26. Qxc2 Bxc2 27. Rxc2 Qxe7 28. exd4 Qb4 29. Kf2 Qxd4+ 30. Ke1 Qe3+ 31. Re2 Qg1+ 32. Kd2 Qd4+ 33. Ke1 e3 34. a3 Qc5 35. Kd1 Kf7 36. g3 Qd5+ 37. Kc2 Qc4+ 38. Kd1 Qd3+ 0-1

[Event "January 9 Early 2024"]
[Site "https://www.chess.com"]
[Date "2024.01.11"]
[Round "4"]
[White "Duda, Jan-Krzysztof"]
[Black "Xu, Yi"]
[Result "1-0"]
[Board "118"]
[TimeControl "180+1"]
[WhiteFideId "1170546"]
[BlackFideId "8605564"]
[WhiteElo "3049"]
[BlackElo "2864"]
[WhiteTeam "POL"]
[BlackTeam "CHN"]
[WhiteClock "0:00:12"]
[BlackClock "0:00:09"]

1. d4 Nf6 2. Bf4 c5 3. dxc5 Na6 4. Nc3 Nxc5 5. f3 d6 6. e4 a6 7. Qd2 g6 8. O-O-O Bg7 9. e5 Nh5 10. Be3 Qa5 11. g4 Bxe5 12. gxh5 Bf5 13. Bd4 Rc8 14. Kb1 O-O 15. Nge2 b5 16. Ng3 Bxg3 17. hxg3 b4 18. g4 Be6 19. hxg6 fxg6 20. Qh6 Rf7 21. Qxg6+ 1-0

[Event "January 9 Early 2024"]
[Site "https://www.chess.com"]
[Date "2024.01.11"]
[Round "4"]
[White "Ibarra Jerez, Jose Carlos"]
[Black "Sturt, Raven"]
[Result "0-1"]
[Board "119"]
[TimeControl "180+1"]
[WhiteFideId "2226332"]
[BlackFideId "2007304"]
[WhiteElo "2943"]
[BlackElo "2758"]
[WhiteTeam "ESP"]
[BlackTeam "USA"]
[WhiteClock "0:00:02"]
[BlackClock "0:00:49"]

1. e4 c5 2. Nf3 e6 3. d4 cxd4 4. Nxd4 Nc6 5. Nc3 Qc7 6. Be3 a6 7. g4 Ne5 8. f4 Nc4 9. Bxc4 Qxc4 10. Qd3 Qxd3 11. cxd3 b5 12. Nb3 Ne7 13. Bc5 Ng6 14. Bxf8 Rxf8 15. Rf1 f5 16. gxf5 exf5 17. e5 Bb7 18. Nc5 Bc6 19. a3 Ke7 20. d4 d6 21. Nd3 Rad8 22. O-O-O dxe5 23. Nb4 Bg2 24. Rf2 Nxf4 25. Re1 Rxd4 26. Rxe5+ Kf6 27. Rc5 Rxb4 28. Rxg2 Nd3+ 29. Kd2 Rxb2+ 30. Kxd3 Rxg2 31. Nd5+ Kg5 32. Ne3 Rxh2 33. Rc7 g6 34. Nc2 Rd8+ 35. Ke3 Kg4 36. Nb4 f4+ 0-1

[Event "January 9 Early 2024"]
[Site "https://www.chess.com"]
[Date "2024.01.11"]
[Round "4"]
[White "Bazilius, Augustinas"]
[Black "Poormosavi, Seyed Kian"]
[Result "0-1"]
[Board "120"]
[TimeControl "180+1"]
[WhiteFideId "12832251"]
[BlackFideId "12585807"]
[WhiteElo "2540"]
[BlackElo "2739"]
[WhiteTeam "LTU"]
[BlackTeam "IRI"]
[WhiteClock "0:00:01"]
[BlackClock "0:01:02"]

1. d4 Nf6 2. c4 b6 3. Nf3 Bb7 4. g3 g6 5. Bg2 Bg7 6. O-O O-O 7. Nc3 Ne4 8. Qc2 Nxc3 9. bxc3 c5 10. d5 d6 11. e4 Nd7 12. a4 a6 13. Be3 Rb8 14. Rab1 Qc7 15. h4 h6 16. Rb2 Bc8 17. Rfb1 a5 18. Ne1 Nf6 19. f3 Ba6 20. Bf1 Nd7 21. Qd2 Kh7 22. f4 f5 23. Qc2 fxe4 24. Qxe4 Nf6 25. Qc2 Bc8 26. Bd3 Kh8 27. Bxg6 e6 28. Nf3 exd5 29. cxd5 Nxd5 30. Bf2 Nxc3 31. Rb3 Nxb1 32. Qxb1 Be6 33. Re3 Rbe8 34. Bxe8 Rxe8 35. Qe1 Qd7 36. Qb1 Bd5 37. Rxe8+ Qxe8 38. Nd2 Qe2 39. Nf1 Qf3 40. Ne3 Qh1# 0-1

[Event "January 9 Early 2024"]
[Site "https://www.chess.com"]
[Date "2024.01.11"]
[Round "4"]
[White "Goltseva, Ekaterina"]
[Black "Rajdeep Sarkar"]
[Result "1-0"]
[Board "121"]
[TimeControl "180+1"]
[WhiteFideId "24173770"]
[BlackFideId "25007963"]
[WhiteElo "2597"]
[BlackElo "2379"]
[WhiteTeam "RUS"]
[BlackTeam "IND"]
[WhiteClock "0:00:17"]
[BlackClock "0:00:37"]

1. g3 d5 2. Nf3 Nf6 3. Bg2 c5 4. d4 Nc6 5. O-O e6 6. c4 dxc4 7. Qa4 Bd7 8. Qxc4 b5 9. Qc2 Rc8 10. dxc5 Nb4 11. Qb3 Bxc5 12. Nc3 O-O 13. Ne5 a6 14. Bg5 Nc6 15. Bxf6 gxf6 16. Nxd7 Qxd7 17. Rad1 Qe7 18. Ne4 f5 19. Nxc5 Qxc5 20. Rc1 Qb6 21. Qf3 Ne5 22. Qh5 Rxc1 23. Rxc1 Qd8 24. e4 fxe4 25. Qxe5 Qd2 26. Rc5 Rd8 27. Bxe4 b4 28. Kg2 Qd4 29. Qg5+ Kf8 30. Bxh7 Qxb2 31. Qxd8+ Kg7 32. Be4 Qxa2 33. Rg5+ Kh6 34. Qf6# 1-0

[Event "January 9 Early 2024"]
[Site "https://www.chess.com"]
[Date "2024.01.11"]
[Round "4"]
[White "Sidletskyi, Ivan"]
[Black "Tarhan, Adar"]
[Result "1-0"]
[Board "122"]
[TimeControl "180+1"]
[WhiteFideId "14156024"]
[BlackFideId "34544712"]
[WhiteElo "2504"]
[BlackElo "2681"]
[WhiteTeam "UKR"]
[BlackTeam "TUR"]
[WhiteClock "0:00:13"]
[BlackClock "0:00:15"]

1. e4 c6 2. d4 d5 3. f3 dxe4 4. fxe4 e5 5. Nf3 Bg4 6. Bc4 Bxf3 7. Qxf3 Nf6 8. dxe5 Qa5+ 9. Nc3 Qxe5 10. Bf4 Qd4 11. Bxf7+ Kxf7 12. Rd1 Qc4 13. e5 Be7 14. exf6 Bxf6 15. Ne4 Re8 16. Qh5+ g6 17. Qxh7+ Bg7 18. Rf1 Rxe4+ 19. Be3+ Qxf1+ 20. Kxf1 Rxe3 21. Rd8 Kf6 22. Qh4+ g5 23. Qd4+ Re5 24. Qd6+ Re6 25. Qg3 Kg6 26. Rxb8 Be5 27. Qd3+ Kf6 28. Rxa8 1-0

[Event "January 9 Early 2024"]
[Site "https://www.chess.com"]
[Date "2024.01.11"]
[Round "4"]
[White "Kotlyar, Kirill"]
[Black "Gutierrez Carmona, Juan Alejandro"]
[Result "1-0"]
[Board "123"]
[TimeControl "180+1"]
[WhiteFideId "24145599"]
[BlackFideId "5106770"]
[WhiteElo "2586"]
[BlackElo "2184"]
[WhiteTeam "RUS"]
[BlackTeam "MEX"]
[WhiteClock "0:00:55"]
[BlackClock "0:00:01"]

1. e4 e5 2. Nf3 Nc6 3. Bb5 a6 4. Ba4 Nf6 5. O-O Be7 6. Re1 b5 7. Bb3 d6 8. h3 Na5 9. c3 Nxb3 10. Qxb3 O-O 11. d3 c5 12. Nbd2 Be6 13. Qc2 h6 14. Nf1 Nh7 15. Ng3 Ng5 16. Qe2 Nxf3+ 17. Qxf3 Bg5 18. Be3 Bxe3 19. Qxe3 Qh4 20. a4 Rfb8 21. axb5 axb5 22. b4 cxb4 23. cxb4 Qd8 24. d4 Ra4 25. d5 Bd7 26. Qd2 Qg5 27. Qc3 Rc8 28. Qd3 h5 29. Ne2 Rxb4 30. Ra7 Qd8 31. Rea1 Rbc4 32. Qf3 g6 33. Rb7 R4c7 34. Rb6 Be8 35. Raa6 Rd7 36. Qa3 Rc5 37. Nc3 1-0

[Event "January 9 Early 2024"]
[Site "https://www.chess.com"]
[Date "2024.01.11"]
[Round "4"]
[White "Hambleton, Aman"]
[Black "Kochiev, Ivan"]
[Result "0-1"]
[Board "124"]
[TimeControl "180+1"]
[WhiteFideId "2606577"]
[BlackFideId "2917890"]
[WhiteElo "2759"]
[BlackElo "2571"]
[WhiteTeam "CAN"]
[BlackTeam "BUL"]
[WhiteClock "0:00:01"]
[BlackClock "0:00:34"]

1. d4 Nf6 2. c4 e6 3. Nc3 c5 4. d5 exd5 5. cxd5 d6 6. e4 g6 7. Bd3 Bg7 8. h3 O-O 9. Nf3 Na6 10. O-O Nc7 11. Re1 Re8 12. Bf4 b6 13. Nd2 Nh5 14. Bh2 Be5 15. Bxe5 Rxe5 16. Bf1 Rb8 17. Nc4 Re8 18. e5 dxe5 19. Nxe5 Qd6 20. Nc4 Qd8 21. Rxe8+ Nxe8 22. Nb5 Nhf6 23. Nxa7 Qxd5 24. Qxd5 Nxd5 25. Rd1 Nec7 26. a3 Bd7 27. a4 Bxa4 28. Ra1 Bd7 29. Ne5 Be6 30. Nac6 Ra8 31. Re1 Ra2 32. Nd3 Bf5 0-1

[Event "January 9 Early 2024"]
[Site "https://www.chess.com"]
[Date "2024.01.11"]
[Round "4"]
[White "Baziuk, Vladyslav"]
[Black "Liascovich, Lucas"]
[Result "0-1"]
[Board "125"]
[TimeControl "180+1"]
[WhiteFideId "34107940"]
[BlackFideId "108634"]
[WhiteElo "2706"]
[BlackElo "2907"]
[WhiteTeam "UKR"]
[BlackTeam "ARG"]
[WhiteClock "0:00:07"]
[BlackClock "0:00:31"]

1. e4 c6 2. d4 d5 3. e5 c5 4. dxc5 Nc6 5. f4 e6 6. Be3 d4 7. Bf2 Bxc5 8. Nf3 Nge7 9. Nbd2 O-O 10. Bd3 Nf5 11. Ne4 Bb6 12. Qe2 Qe7 13. O-O-O Nb4 14. Kb1 Bd7 15. g4 Ne3 16. Bxe3 dxe3 17. Neg5 h6 18. h4 Bc6 19. Be4 Rfd8 20. Bxc6 bxc6 21. Ne4 Nd5 22. Qh2 Qb4 23. Nfg5 Rab8 24. Rd3 e2 25. c3 Nxc3+ 26. Rxc3 Rd1+ 27. Kc2 e1=Q 28. Rxe1 Rxe1 29. a3 Qa4+ 30. Kd2 Rxe4 31. Nxe4 Qxe4 0-1

[Event "January 9 Early 2024"]
[Site "https://www.chess.com"]
[Date "2024.01.11"]
[Round "4"]
[White "Ashraf, Artin"]
[Black "Zhu, Jiner"]
[Result "1-0"]
[Board "126"]
[TimeControl "180+1"]
[WhiteFideId "22514805"]
[BlackFideId "8608059"]
[WhiteElo "2913"]
[BlackElo "2621"]
[WhiteTeam "IRI"]
[BlackTeam "CHN"]
[WhiteClock "0:00:49"]
[BlackClock "0:00:02"]

1. d4 Nf6 2. c4 g6 3. Nf3 Bg7 4. e3 O-O 5. Be2 d6 6. O-O Nbd7 7. Nc3 e5 8. Qc2 Re8 9. b4 Nf8 10. b5 e4 11. Nd2 Bf5 12. a4 h5 13. a5 N8h7 14. Ba3 Ng4 15. h3 Ngf6 16. Rfc1 Ng5 17. Qd1 h4 18. Nf1 Qd7 19. Nh2 c6 20. a6 bxa6 21. bxc6 Qxc6 22. Qa4 Qc8 23. Bxd6 Bxh3 24. gxh3 Nxh3+ 25. Kg2 Qf5 26. Rf1 Ng5 27. Qd1 Qh3+ 28. Kh1 Rad8 29. Rxa6 Re6 30. c5 Bf8 31. Bf4 Rxa6 32. Bxg5 Re6 33. Bxf6 Rxf6 34. Bg4 1-0

[Event "January 9 Early 2024"]
[Site "https://www.chess.com"]
[Date "2024.01.11"]
[Round "4"]
[White "Vargas, Mauricio"]
[Black "Tharushi, T H D Niklesha"]
[Result "0-1"]
[Board "127"]
[TimeControl "180+1"]
[WhiteFideId "4404572"]
[BlackFideId "9918264"]
[WhiteElo "1840"]
[BlackElo "2250"]
[WhiteTeam "COL"]
[BlackTeam "SRI"]
[WhiteClock "0:00:05"]
[BlackClock "0:00:44"]

1. e4 c6 2. Nc3 d5 3. d3 dxe4 4. Nxe4 e6 5. g3 Nf6 6. Bg2 Nxe4 7. Bxe4 Nd7 8. Bd2 Nf6 9. Bg2 Bc5 10. Nf3 O-O 11. O-O Qb6 12. Bc3 Nd5 13. Bd2 Qxb2 14. Ng5 h6 15. Ne4 Bd4 16. Rb1 Qa3 17. Qg4 Nf6 18. Nxf6+ Bxf6 19. Bb4 Qxa2 20. Bxf8 Kxf8 21. c4 e5 22. Qd1 Qa3 23. Be4 Qe7 24. f4 Bh3 25. Bg2 Be6 26. f5 Bc8 27. Qh5 b6 28. Bxc6 Qc5+ 29. Rf2 Qxc6 30. Kf1 Qh1+ 31. Ke2 Qxb1 0-1

[Event "January 9 Early 2024"]
[Site "https://www.chess.com"]
[Date "2024.01.11"]
[Round "4"]
[White "Suyarov, Mukhammadzokhid"]
[Black "Lu, Shanglei"]
[Result "0-1"]
[Board "128"]
[TimeControl "180+1"]
[WhiteFideId "14210495"]
[BlackFideId "8603332"]
[WhiteElo "2773"]
[BlackElo "2977"]
[WhiteTeam "UZB"]
[BlackTeam "CHN"]
[WhiteClock "0:00:04"]
[BlackClock "0:01:14"]

1. e4 c5 2. Nf3 e6 3. d4 cxd4 4. Nxd4 Nf6 5. Nc3 Nc6 6. Nxc6 bxc6 7. e5 Nd5 8. Ne4 Qc7 9. f4 Qb6 10. c4 Bb4+ 11. Ke2 f5 12. exf6 Nxf6 13. Be3 Qd8 14. Nd6+ Bxd6 15. Qxd6 Bb7 16. Rd1 Rc8 17. Bc5 Ne4 18. Qe5 Nxc5 19. Qxc5 Qf6 20. Qd6 Rd8 21. Rd2 c5 22. Ke3 Rf8 23. Bd3 g5 24. Rf1 gxf4+ 25. Rxf4 Qxf4+ 26. Qxf4 Rxf4 27. Kxf4 Ke7 28. g4 h6 29. Be4 d5 30. cxd5 exd5 31. Bf5 Kd6 32. h4 d4 33. b3 Re8 34. g5 Rf8 35. Rf2 Bc8 36. Ke4 hxg5 37. hxg5 Rxf5 38. Rh2 Rxg5 39. Rh6+ Be6 40. Kd3 Rg3+ 41. Kd2 Rg2+ 42. Kd3 Rxa2 43. b4 Ra3+ 0-1

[Event "January 9 Early 2024"]
[Site "https://www.chess.com"]
[Date "2024.01.11"]
[Round "4"]
[White "Albuquerque Junior,Wellington S."]
[Black "Golubev, Mikhail"]
[Result "0-1"]
[Board "129"]
[TimeControl "180+1"]
[WhiteFideId "2151480"]
[BlackFideId "14100983"]
[WhiteElo "2403"]
[BlackElo "2628"]
[WhiteTeam "BRA"]
[BlackTeam "UKR"]
[WhiteClock "0:00:03"]
[BlackClock "0:00:28"]

1. c4 g6 2. g3 Bg7 3. Bg2 e5 4. Nc3 Nc6 5. e4 Nd4 6. Nge2 Nxe2 7. Nxe2 d6 8. h3 Ne7 9. d4 exd4 10. Nxd4 O-O 11. O-O Nc6 12. Be3 Ne5 13. Rc1 c5 14. Nb5 Nc6 15. b3 a6 16. Nxd6 Nd4 17. Nxc8 Rxc8 18. f4 Qa5 19. Rf2 Rfd8 20. Qe1 Qa3 21. e5 Nf5 22. Re2 b5 23. Bd5 bxc4 24. Bxc4 Nxe3 25. Rxe3 Qxa2 26. e6 Bd4 27. exf7+ Kf8 28. Kh1 Bxe3 29. Qxe3 Rd2 30. Qe4 Rh2+ 31. Kg1 Qf2# 0-1

[Event "January 9 Early 2024"]
[Site "https://www.chess.com"]
[Date "2024.01.11"]
[Round "4"]
[White "Ryan, Joseph"]
[Black "Marn, Jan"]
[Result "0-1"]
[Board "130"]
[TimeControl "180+1"]
[WhiteFideId "2500426"]
[BlackFideId "14619245"]
[WhiteElo "2231"]
[BlackElo "2464"]
[WhiteTeam "IRL"]
[BlackTeam "SLO"]
[WhiteClock "0:00:45"]
[BlackClock "0:00:16"]

1. e4 f5 2. exf5 d5 3. Qh5+ Kd7 4. Nf3 Nc6 5. Bb5 Nf6 6. Ne5+ Kd6 7. Nf7+ Kc5 8. Qe2 Qe8 9. c3 Qxf7 10. d4+ Kd6 11. Bf4+ Kd7 12. Nd2 Kd8 13. g4 e6 14. Bxc6 bxc6 15. Nf3 exf5 16. Ne5 Qe8 17. g5 Ne4 18. f3 Nd6 19. O-O-O Nf7 20. Rde1 Nxe5 21. Bxe5 Qf7 22. f4 Bd6 23. h4 Bxe5 24. dxe5 Be6 25. h5 Kd7 26. Qe3 g6 27. h6 Rhb8 28. Rd1 Qe7 29. Rd4 Rb6 30. Rhd1 Rab8 31. R1d2 Ke8 32. b3 Kf7 33. c4 Qa3+ 34. Kd1 c5 35. Rxd5 Bxd5 36. Rxd5 Qxa2 37. Qd3 Qa1+ 38. Ke2 Qb2+ 39. Kf3 Rxb3 40. Rd7+ Ke8 0-1

[Event "January 9 Early 2024"]
[Site "https://www.chess.com"]
[Date "2024.01.11"]
[Round "4"]
[White "Vakhlamov, Igor L."]
[Black "Winkels, Marcel"]
[Result "1-0"]
[Board "131"]
[TimeControl "180+1"]
[WhiteFideId "24126748"]
[BlackFideId "1003887"]
[WhiteElo "2755"]
[BlackElo "2006"]
[WhiteTeam "RUS"]
[BlackTeam "NED"]
[WhiteClock "0:00:44"]
[BlackClock "0:00:04"]

1. e4 c5 2. Nf3 d6 3. Nc3 Nf6 4. d4 cxd4 5. Qxd4 Nc6 6. Bb5 Bd7 7. Bxc6 bxc6 8. e5 dxe5 9. Nxe5 g6 10. Qc4 e6 11. Bg5 Be7 12. Rd1 Nd5 13. Bxe7 Qxe7 14. Nxc6 Qd6 15. Nd4 Rc8 16. Qd3 Nxc3 17. bxc3 O-O 18. O-O Rfd8 19. Rfe1 Qc5 20. Re3 Be8 21. Qe2 Rd5 22. Nb3 Rxd1+ 23. Qxd1 Qc7 24. Rd3 Bc6 25. Nd4 Bd5 26. a3 Bc4 27. Re3 Bd5 28. h4 Qb7 29. Qg4 Qa6 30. h5 Kg7 31. Qf4 Qxa3 32. h6+ Kg8 33. c4 Ba8 34. Rxa3 1-0

[Event "January 9 Early 2024"]
[Site "https://www.chess.com"]
[Date "2024.01.11"]
[Round "4"]
[White "Matthes, Aaron"]
[Black "Ronka, Erik"]
[Result "1-0"]
[Board "132"]
[TimeControl "180+1"]
[WhiteFideId "16227310"]
[BlackFideId "505080"]
[WhiteElo "2389"]
[BlackElo "2515"]
[WhiteTeam "GER"]
[BlackTeam "FIN"]
[WhiteClock "0:00:35"]
[BlackClock "0:00:01"]

1. Nf3 d5 2. g3 Nf6 3. Bg2 e6 4. O-O c5 5. d4 cxd4 6. Nxd4 e5 7. Nf3 Nc6 8. Bg5 Be6 9. Nc3 Be7 10. Ne1 e4 11. Nb5 h6 12. Be3 O-O 13. c3 Ng4 14. Bd4 a6 15. Na3 f5 16. Nec2 f4 17. f3 exf3 18. exf3 Nf6 19. gxf4 Nh5 20. Be5 Bc5+ 21. Nd4 Nxf4 22. Nc2 Nxe5 23. Kh1 Nxg2 24. Nxe6 Qf6 25. Nxc5 Nh4 26. Nd4 b6 27. Nce6 Rfe8 28. Nc7 Rac8 29. Nxe8 Rxe8 30. f4 Nc4 31. Qd2 Ne3 32. Rae1 Nhf5 33. Rf3 Nxd4 34. cxd4 1-0

[Event "January 9 Early 2024"]
[Site "https://www.chess.com"]
[Date "2024.01.11"]
[Round "4"]
[White "Bindrich, Falko"]
[Black "Lima, Kleyton Alcantara"]
[Result "1-0"]
[Board "133"]
[TimeControl "180+1"]
[WhiteFideId "4676670"]
[BlackFideId "22718397"]
[WhiteElo "2818"]
[BlackElo "2594"]
[WhiteTeam "GER"]
[BlackTeam "BRA"]
[WhiteClock "0:01:21"]
[BlackClock "0:00:12"]

1. d4 Nf6 2. c4 g6 3. g3 c6 4. Bg2 d5 5. Nd2 Bg7 6. Ngf3 O-O 7. O-O Ne4 8. Re1 a5 9. Qc2 Nxd2 10. Bxd2 Bf5 11. Qb3 Ra7 12. Rac1 a4 13. Qa3 Nd7 14. cxd5 cxd5 15. Bb4 Re8 16. e3 Be4 17. Nd2 Bxg2 18. Kxg2 e5 19. dxe5 Nxe5 20. Bc5 Ra8 21. Bd4 Qd7 22. Bxe5 Bxe5 23. Nf3 Bg7 24. Red1 Rac8 25. Rxc8 Rxc8 26. b3 axb3 27. Qxb3 h5 28. Rxd5 Qc6 29. Rb5 h4 30. gxh4 Rc7 31. h3 Rd7 32. a4 Qe4 33. Rb4 Qc6 34. Qc4 Qf6 35. Qc8+ Rd8 36. Qxb7 Rd1 37. Rf4 Qe6 38. Ng5 Qd5+ 39. Qxd5 Rxd5 40. Nxf7 Ra5 41. Ng5 Be5 42. Rc4 Ra6 43. f4 Bd6 44. Kf3 Rb6 45. Ne4 Be7 46. Ng5 Rb3 47. Rc7 Bd6 48. Rc6 Bb4 49. Rxg6+ Kh8 50. Rb6 Rb1 51. Ke4 Ra1 52. Rxb4 Rc1 53. a5 Kg7 54. a6 Ra1 55. Rb6 Ra4+ 56. Kf5 Ra5+ 57. Kg4 Ra1 58. h5 Rg1+ 59. Kf5 Kh8 60. h6 Ra1 61. Rb8# 1-0

[Event "January 9 Early 2024"]
[Site "https://www.chess.com"]
[Date "2024.01.11"]
[Round "4"]
[White "Hungaski, Robert"]
[Black "Velikanov, Alexander"]
[Result "1-0"]
[Board "134"]
[TimeControl "180+1"]
[WhiteFideId "2021030"]
[BlackFideId "2039290"]
[WhiteElo "2447"]
[BlackElo "2792"]
[WhiteTeam "USA"]
[BlackTeam "USA"]
[WhiteClock "0:00:36"]
[BlackClock "0:00:02"]

1. e4 e6 2. d4 d5 3. Nc3 Nf6 4. e5 Nfd7 5. Nce2 c5 6. c3 Nc6 7. Nf3 Be7 8. h4 Qb6 9. a3 f6 10. Nf4 Ndxe5 11. Nxe5 fxe5 12. Qh5+ Kd8 13. dxe5 c4 14. Ng6 hxg6 15. Qxh8+ Kc7 16. Qxg7 Bd7 17. Be2 Rf8 18. O-O Bc5 19. Be3 Rf5 20. Bxc5 Qxc5 21. Qxg6 Nxe5 22. Qg3 Qd6 23. Rae1 Bc6 24. Bg4 Nxg4 25. Qxg4 Kb6 26. Re3 Ka5 27. Rfe1 Bd7 28. Qg3 Qb6 29. R3e2 Ka4 30. Qe3 Qc7 31. Qxa7+ Kb3 32. Qd4 Rf4 33. Qd1+ Ka2 34. b4+ Kxa3 35. Qa1+ Kb3 36. Rb1# 1-0

[Event "January 9 Early 2024"]
[Site "https://www.chess.com"]
[Date "2024.01.11"]
[Round "4"]
[White "Fiedorek, Michal"]
[Black "Sarkar, Justin"]
[Result "0-1"]
[Board "135"]
[TimeControl "180+1"]
[WhiteFideId "1199528"]
[BlackFideId "2010011"]
[WhiteElo "2481"]
[BlackElo "2295"]
[WhiteTeam "POL"]
[BlackTeam "USA"]
[WhiteClock "0:00:10"]
[BlackClock "0:00:14"]

1. e4 e5 2. Nf3 Nc6 3. Bc4 Bc5 4. c3 Nf6 5. d3 O-O 6. O-O d5 7. exd5 Nxd5 8. h3 Nb6 9. Bb5 Bd6 10. Re1 Qf6 11. Nbd2 Bd7 12. Ne4 Qg6 13. Nh4 Qe6 14. d4 a6 15. Bd3 f5 16. Nxd6 cxd6 17. dxe5 dxe5 18. Be3 Nc8 19. Bc5 N8e7 20. Qe2 Kh8 21. Bc4 Qf6 22. Nf3 e4 23. Nd4 Rfe8 24. Rad1 Ne5 25. Nb3 Rad8 26. Bb6 Qxb6 27. Bd5 Nd3 28. Rf1 Nxd5 0-1

[Event "January 9 Early 2024"]
[Site "https://www.chess.com"]
[Date "2024.01.11"]
[Round "4"]
[White "Domalchuk-Jonasson, Aleksandr"]
[Black "Sanal, Vahap"]
[Result "0-1"]
[Board "136"]
[TimeControl "180+1"]
[WhiteFideId "14142805"]
[BlackFideId "6300545"]
[WhiteElo "2627"]
[BlackElo "2925"]
[WhiteTeam "ISL"]
[BlackTeam "TUR"]
[WhiteClock "0:00:05"]
[BlackClock "0:00:29"]

1. d4 d6 2. Nf3 Nf6 3. c4 g6 4. Nc3 Bg7 5. e4 O-O 6. Be2 Nbd7 7. Be3 e5 8. O-O c6 9. Qc2 Qe7 10. Rad1 Re8 11. dxe5 dxe5 12. a3 Nf8 13. c5 Bg4 14. Rd6 Bxf3 15. Bxf3 Ne6 16. Rfd1 Rad8 17. Qa4 a6 18. Be2 h5 19. h3 Kh7 20. Bc4 Nd4 21. Bxd4 exd4 22. R1xd4 Nd7 23. b4 Bxd4 24. Rxd4 Nxc5 25. Qd1 Ne6 26. Rxd8 Rxd8 27. Qf3 Kg7 28. e5 Rd4 29. Ba2 Qg5 30. Ne4 Qxe5 31. Nc5 Nf4 32. g3 Qe1+ 33. Kh2 Rd1 34. Qc3+ Qxc3 0-1

[Event "January 9 Early 2024"]
[Site "https://www.chess.com"]
[Date "2024.01.11"]
[Round "4"]
[White "Gurevich, Dmitry"]
[Black "Skibbe, Willi"]
[Result "1-0"]
[Board "137"]
[TimeControl "180+1"]
[WhiteFideId "2000407"]
[BlackFideId "4682190"]
[WhiteElo "2530"]
[BlackElo "2367"]
[WhiteTeam "USA"]
[BlackTeam "GER"]
[WhiteClock "0:00:27"]
[BlackClock "0:00:04"]

1. d4 d5 2. c4 e6 3. Nc3 c6 4. e3 Nf6 5. Nf3 Nbd7 6. Qc2 Bd6 7. b3 O-O 8. Be2 b6 9. O-O Bb7 10. Bb2 Rc8 11. Rad1 Qe7 12. Rfe1 c5 13. cxd5 Nxd5 14. Nxd5 Bxd5 15. e4 Bb7 16. d5 e5 17. g3 Rfd8 18. Nh4 g6 19. a4 Nf6 20. Bf1 Qc7 21. Bh3 Rb8 22. f4 Ne8 23. Qc3 f6 24. Be6+ Kg7 25. Nf3 exf4 26. e5 fxe5 27. Nxe5 Bxe5 28. Qxe5+ Qxe5 29. Bxe5+ Kf8 30. Rf1 Nd6 31. Rxf4+ Ke7 32. Bf6+ Ke8 33. Re1 c4 34. Bh3+ 1-0

[Event "January 9 Early 2024"]
[Site "https://www.chess.com"]
[Date "2024.01.11"]
[Round "4"]
[White "Glashausser, Sho"]
[Black "Szczepanek, Radoslaw"]
[Result "0-1"]
[Board "138"]
[TimeControl "180+1"]
[WhiteFideId "30908329"]
[BlackFideId "1120395"]
[WhiteElo "2151"]
[BlackElo "2384"]
[WhiteTeam "USA"]
[BlackTeam "POL"]
[WhiteClock "0:00:01"]
[BlackClock "0:00:20"]

1. Nf3 c5 2. Nc3 d5 3. d4 cxd4 4. Qxd4 Nf6 5. e4 e6 6. exd5 exd5 7. Bb5+ Nc6 8. O-O Be7 9. Bg5 O-O 10. Qd3 Be6 11. Rad1 Qb6 12. Be3 Qc7 13. Nd4 Ng4 14. g3 Nxe3 15. Qxe3 Nxd4 16. Qxd4 a6 17. Bd3 Rad8 18. Rfe1 Bf6 19. Qa4 Bxc3 20. bxc3 Qxc3 21. Qh4 h6 22. Re3 d4 23. Rxe6 fxe6 24. Qe4 Rf6 25. Qh7+ Kf8 26. Kg2 Qc6+ 27. Kg1 Qf3 0-1

[Event "January 9 Early 2024"]
[Site "https://www.chess.com"]
[Date "2024.01.11"]
[Round "4"]
[White "Khouri, Ahmed Abbas"]
[Black "Dushyant Sharma"]
[Result "0-1"]
[Board "139"]
[TimeControl "180+1"]
[WhiteFideId "9301518"]
[BlackFideId "25065130"]
[WhiteElo "2249"]
[BlackElo "2514"]
[WhiteTeam "UAE"]
[BlackTeam "IND"]
[WhiteClock "0:00:02"]
[BlackClock "0:00:44"]

1. e4 d5 2. exd5 Nf6 3. d4 Bg4 4. Be2 Bxe2 5. Nxe2 Qxd5 6. O-O Nc6 7. c4 Qxc4 8. Nbc3 O-O-O 9. Be3 e5 10. b3 Qe6 11. d5 Nxd5 12. Nxd5 Rxd5 13. Qc2 Ba3 14. Nc3 Rd7 15. Nb5 Be7 16. Bxa7 Qd5 17. a4 Qd3 18. Qb2 Bf6 19. Rac1 Nxa7 20. Nxa7+ Kb8 21. Nb5 e4 22. Qa3 c6 23. Qc5 cxb5 24. axb5 Qd6 25. Qf5 Qe6 26. Qc5 Bd4 27. Qb4 Qd6 28. Qa4 e3 29. Rfd1 e2 30. Re1 Re8 31. h3 Qf4 0-1